 Dungeon Crawl Stone Soup version 0.19.5 (webtiles) character file.

65 tidbits the Shooter (level 3, -5/23 HPs)
             Began as a High Elf Arcane Marksman on July 13, 2017.
             Slain by an iguana (9 damage)
             ... on level 4 of the Dungeon.
             The game lasted 00:06:59 (838 turns).

tidbits the Shooter (High Elf Arcane Marksman)       Turns: 838, Time: 00:06:59

Health: -5/23      AC:  4    Str: 13    XL:     3   Next: 92%
Magic:  5/5        EV: 12    Int: 16    God:
Gold:   95         SH:  0    Dex: 15    Spells: 1 memorised, 3 levels left

rFire  . . .     SeeInvis .     a - +0 shortbow
rCold  . . .     Gourm    .     B - +0 leather armour
rNeg   . . .     Faith    .     (shield currently unavailable)
rPois  .         Spirit   .     E - +0 helmet
rElec  .         Reflect  .     (no cloak)
rCorr  .         Harm     .     (no gloves)
MR     .....                    (no boots)
Stlth  ++........               (no amulet)
                                (no ring)
                                j - +2 ring of strength

@: no status effects
A: no striking features
a: no special abilities


You were on level 4 of the Dungeon.
You were not hungry.

You visited 1 branch of the dungeon, and saw 4 of its levels.

You collected 95 gold pieces.

Inventory:

Hand Weapons
 a - a +0 shortbow (weapon)
 b - a +0 short sword
   (You found it on level 1 of the Dungeon)
Missiles
 d - 45 arrows (quivered)
 v - a throwing net {!f}
Armour
 B - a +0 leather armour (worn)
   (You found it on level 1 of the Dungeon)
 E - a +0 helmet (worn)
   (You found it on level 2 of the Dungeon)
Jewellery
 j - a +2 ring of strength (left hand)
   (You found it on level 3 of the Dungeon)
Wands
 g - a wand of flame (24/48)
   (You found it on level 3 of the Dungeon)
Scrolls
 h - a scroll of fear {unknown}
 m - a scroll of amnesia {unknown}
 n - a scroll of noise {unknown}
 p - a scroll of teleportation {unknown}
 r - a scroll of enchant weapon {unknown}
Potions
 e - a potion of cancellation {unknown}
 i - a potion of haste {unknown}
 k - 2 potions of brilliance
 l - 2 potions of agility
 q - a potion of curing {unknown}
 s - 2 potions of lignification {unknown}
 t - 2 potions of resistance {unknown}
 w - a potion of berserk rage {unknown}
Books
 c - a book of Debilitation

   Spells                             Type                      Level
   a - Corona                         Hexes                        1
   b - Slow                           Hexes                        2
   c - Gell's Gravitas                Hexes/Translocation          3
   d - Inner Flame                    Hexes/Fire                   3
   e - Cause Fear                     Hexes                        4
   f - Leda's Liquefaction            Hexes/Earth                  4
Comestibles
 f - 3 bread rations
 o - a meat ration
 u - 2 chunks of flesh


   Skills:
 - Level 1.0 Fighting
 + Level 4.4 Bows
 - Level 2.1 Dodging
 + Level 2.9 Stealth
 - Level 1.2 Spellcasting
 - Level 3.0 Hexes


You had 3 spell levels left.
You knew the following spells:

 Your Spells              Type           Power        Failure   Level  Hunger
o - Corona                Hex            ##.....      12%         1    ##.....


Dungeon Overview and Level Annotations

Branches:
Dungeon (4/15)
 Temple: D:4-7

Altars:
Qazlal


Message History

Press: ? - help, Shift-Dir - straight line, f/p - orc
Aim: an orc, wielding a club You shoot an arrow.
The arrow hits the orc.
The orc is lightly wounded.
An orc comes into view. It is wielding a club.
Firing (i - inventory. (,) - cycle):
d - 47 arrows (quivered)
Press: ? - help, Shift-Dir - straight line, f/p - orc
Aim: an orc, wielding a club (lightly wounded)
You shoot an arrow. The arrow completely misses the orc.
The orc shouts!
The orc hits you with a club.
Firing (i - inventory. (,) - cycle):
d - 46 arrows (quivered)
Press: ? - help, Shift-Dir - straight line, f - orc, p - orc
Aim: an orc, wielding a club and wearing a ring mail You shoot an arrow.
The arrow completely misses the orc.
The arrow hits the orc but does no damage.
The orc barely misses you.
Firing (i - inventory. (,) - cycle):
d - 45 arrows (quivered)
Press: ? - help, Shift-Dir - straight line, f/p - orc
Aim: an orc, wielding a club and wearing a ring mail You shoot an arrow.
The arrow barely misses the orc.
The arrow hits the orc.
The orc is severely wounded.
The orc hits you but does no damage.
Firing (i - inventory. (,) - cycle):
d - 44 arrows (quivered)
Press: ? - help, Shift-Dir - straight line, f/p - orc
Aim: an orc, wielding a club and wearing a ring mail (severely wounded)
You shoot an arrow. The arrow hits the orc.
The orc is severely wounded.
Firing (i - inventory. (,) - cycle):
d - 43 arrows (quivered)
Press: ? - help, Shift-Dir - straight line, f/p - orc
Aim: an orc, wielding a club and wearing a ring mail (severely wounded)
You shoot an arrow. The arrow hits the orc.
You kill the orc!
Firing (i - inventory. (,) - cycle):
d - 42 arrows (quivered)
Press: ? - help, Shift-Dir - straight line, f - orc
Aim: an orc, wielding a club (severely wounded)
You shoot an arrow. The arrow hits the orc.
The orc is severely wounded.
The orc barely misses you.
An orc comes into view. It is wielding a club.
Firing (i - inventory. (,) - cycle):
d - 41 arrows (quivered)
Press: ? - help, Shift-Dir - straight line, f/p - orc
Aim: an orc, wielding a club (severely wounded)
You shoot an arrow. The arrow barely misses the orc.
The orc shouts!
The orc closely misses you.
Firing (i - inventory. (,) - cycle):
d - 40 arrows (quivered)
Press: ? - help, Shift-Dir - straight line, f - orc, p - orc
Aim: an orc, wielding a club You shoot an arrow.
The arrow hits the orc.
You kill the orc!
Firing (i - inventory. (,) - cycle):
d - 39 arrows (quivered)
Press: ? - help, Shift-Dir - straight line, f/p - orc
Aim: an orc, wielding a club You shoot an arrow.
The arrow hits the orc!
You kill the orc!
d - 43 arrows (gained 5)
Items here: ( )) [ ††
d - 44 arrows (gained 1)
d - 47 arrows (gained 3)
Things that are here:
a club; an orc corpse
d - 48 arrows (gained 1)
d - 49 arrows (gained 1)
You see here a flail.
d - 50 arrows (gained 1)
Found a stone staircase leading down.
There is a stone staircase leading down here.
You climb downwards.
An iguana comes into view.
Found a gold wand.
There is a stone staircase leading up here.
Firing (i - inventory. (,) - cycle):
d - 50 arrows (quivered)
Press: ? - help, Shift-Dir - straight line, f - iguana
Aim: an iguana You shoot an arrow.
The arrow hits the iguana!
The iguana is heavily wounded.
Firing (i - inventory. (,) - cycle):
d - 49 arrows (quivered)
Press: ? - help, Shift-Dir - straight line, f/p - iguana
Aim: an iguana (heavily wounded)
You shoot an arrow. The arrow hits the iguana.
The iguana is heavily wounded.
You hear a shout!
Firing (i - inventory. (,) - cycle):
d - 48 arrows (quivered)
Press: ? - help, Shift-Dir - straight line, f/p - iguana
Aim: an iguana (heavily wounded)
You shoot an arrow. The arrow completely misses the iguana.
The iguana bites you!
Firing (i - inventory. (,) - cycle):
d - 47 arrows (quivered)
Press: ? - help, Shift-Dir - straight line, f/p - iguana
Aim: an iguana (heavily wounded)
You shoot an arrow. The arrow barely misses the iguana.
The iguana bites you!
* * * LOW HITPOINT WARNING * * *
Firing (i - inventory. (,) - cycle):
d - 46 arrows (quivered)
Press: ? - help, Shift-Dir - straight line, f/p - iguana
Aim: an iguana (heavily wounded)
You shoot an arrow. The arrow closely misses the iguana.
You hear a bark!
The iguana bites you!
You die...

/ .. ... .###
.... .....
.....
......###......
#.((l@.......
###.###...... #
..... .... .#.
#


You could see an iguana.

Vanquished Creatures
  2 adders (D:2)
  2 oozes (D:3)
  A dart slug (D:2)
  4 orcs (D:3)
  A giant cockroach (D:2)
  3 goblins
  4 hobgoblins
  4 jackals (D:3)
  2 quokkas (D:2)
  A bat (D:3)
  A kobold (D:3)
  6 rats
31 creatures vanquished.

Notes
Turn   | Place    | Note
-------+----------+-------------------------------------------
     0 | D:1      | tidbits the High Elf Arcane Marksman began the quest for the Orb.
     0 | D:1      | Reached XP level 1. HP: 13/13 MP: 3/3
   146 | D:1      | Reached skill level 3 in Bows
   195 | D:2      | Reached skill level 1 in Stealth
   195 | D:2      | Reached XP level 2. HP: 18/18 MP: 4/4
   319 | D:2      | Reached skill level 2 in Stealth
   324 | D:2      | Reached XP level 3. HP: 20/23 MP: 5/5
   485 | D:3      | Reached skill level 4 in Bows
   716 | D:3      | Found a stormy altar of Qazlal.
   838 | D:4      | Slain by an iguana

Skill      XL: |  1  2  3 |
---------------+----------+-----
Bows           | 3 4 |  4.4
Stealth        | 1 2 |  2.9
Fighting       | |  1.0
Dodging        | |  2.1
Spellcasting   | |  1.2
Hexes          | |  3.0

Action                   || total
-------------------------++-------
Melee: Short sword       ||     9
 Fire: Shortbow          ||    85
  Use: Scroll            ||     2
Armor: Leather armour    ||    25
Dodge: Dodged            ||    37

Table legend:
 A = Turns spent in this place as a percentage of turns spent in the entire game.
 B = Non-inter-level travel turns spent in this place as a percentage of non-inter-level travel turns spent in the entire game.
 C = Inter-level travel turns spent in this place as a percentage of turns spent in this place.
 D = Turns resting spent in this place as a percentage of non-inter-level travel turns spent in this place.
 E = Turns spent auto-exploring this place as a percentage of non-inter-level travel turns spent in this place.
 F = Non-inter-level travel turns spent in this place divided by the number of levels of this place that you've seen.
                   A       B       C       D       E      F
               +-------+-------+-------+-------+-------+----------------------
         Total | 100.0 | 100.0 |   0.0 |   0.0 |   0.0 | 162.8
       Dungeon | 100.0 | 100.0 |   0.0 |   0.0 |   0.0 | 162.8
               +-------+-------+-------+-------+-------+----------------------

Table legend:
 A = Kills in this place as a percentage of kills in entire the game.
 B = Kills by you in this place as a percentage of kills by you in the entire game.
 C = Kills by friends in this place as a percentage of kills by friends in the entire game.
 D = Other kills in this place as a percentage of other kills in the entire game.
 E = Experience gained in this place as a percentage of experience gained in the entire game.
 F = Experience gained in this place divided by the number of levels of this place that you have seen.
                   A       B       C       D       E      F
               +-------+-------+-------+-------+-------+----------------------
         Total | 100.0 | 100.0 |  -nan |  -nan | 100.0 |  23.2
       Dungeon | 100.0 | 100.0 |  -nan |  -nan | 100.0 |  23.2
               +-------+-------+-------+-------+-------+----------------------

Vault maps used:
D:1:      co_arrival_random_square_maze
D:2:      hangedman_decor_clover_reticule
D:3:      grunt_qazlal_clouds
D:4:      fiery_altar_vehumet, first_bread, minmay_item_behind_shaft,
          minmay_bisected, uniq_robin, uniq_blork_the_orc
